 Dungeon Crawl Stone Soup version 0.30.1-3-gfc49f6343a (webtiles) character file.

Game seed: 5154906896591457393

501 cheesebisquit the Ruffian (level 6, -2/62 HPs)
             Began as a Troll Fighter on July 18, 2023.
             Was a Follower of Wu Jian.
             Slain by Prince Ribbit (15 damage)
             ... on level 5 of the Dungeon.
             The game lasted 00:11:49 (3580 turns).

cheesebisquit the Ruffian (Troll Fighter)           Turns: 3580, Time: 00:11:49

Health: -2/62      AC:  6    Str: 25    XL:     6   Next: 95%
Magic:  5/5        EV:  9    Int:  6    God:    Wu Jian [*.....]
Gold:   205        SH:  8    Dex:  9    Spells: 5/5 levels left

rFire   . . .        h - +5 hand axe (vamp)
rCold   . . .        b - +0 kite shield
rNeg    . . .        c - +2 animal skin
rPois   .            (helmet restricted)
rElec   .            (no cloak)
rCorr   .            (gloves unavailable)
SInv    .            (boots unavailable)
Will    .....        (no amulet)
Stlth   +            (no ring)
HPRegen 1.10/turn    (no ring)
MPRegen 0.09/turn

%: no passive effects
@: no status effects
A: large, unfitting armour, claws 3, regeneration 1, shaggy fur 1, tough skin 1
a: Renounce Religion


You were on level 5 of the Dungeon.
You worshipped Wu Jian.
Wu Jian was aware of your devotion.
You visited 2 branches of the dungeon, and saw 6 of its levels.

You collected 205 gold pieces.

Inventory:

Hand Weapons
 h - a +5 vampiric hand axe (weapon)
Armour
 b - a +0 kite shield (worn)
 c - a +2 animal skin (worn)
Magical Staves
 f - a staff of earth
Scrolls
 e - a scroll of noise
 i - a scroll of fear
 k - a scroll of teleportation
 l - a scroll of identify {unknown}
 m - a scroll of magic mapping
Potions
 d - 2 potions of brilliance {unknown}
 g - 2 potions of degeneration {unknown}
 o - a potion of attraction {unknown}
 p - 2 potions of curing {unknown}
 q - a potion of cancellation {unknown}


   Skills:
 + Level 3.8 Fighting
 - Level 2.4 Dodging
 + Level 4.2 Shields
 * Level 5.5 Unarmed Combat


You had 5 spell levels left.
You didn't know any spells.
Your spell library contained the following spells:

 Spells                   Type           Power      Damage    Failure   Level
 Beastly Appendage        Tmut           0%         N/A       71%         1
 Wereblood                Tmut           0%         N/A       83%         2
 Spider Form              Tmut/Pois      0%         N/A       97%         3


Dungeon Overview and Level Annotations

Branches:
Dungeon (5/15)             Temple (1/1) D:4

Altars:
Cheibriados
Elyvilon
Fedhas
Hepliaklqana
Kikubaaqudgha
Makhleb
Nemelex Xobeh
Okawaru
Qazlal
Sif Muna
Trog
Uskayaw
Vehumet
Wu Jian
Yredelemnul
Zin
The Shining One

Shops:
D:2 :

Annotations:
D:5 Prince Ribbit


Innate Abilities, Weirdness & Mutations

You are too large for most types of armour.
You have claws for hands.
Your natural rate of healing is unusually fast.
You are covered in fur. (AC +1)
You have tough skin. (AC +1)


Message History

* * * LOW HITPOINT WARNING * * *
Prince Ribbit blinks!
Okay, then.
Throw: 3 javelins (silver)
Press: ? - help, Q - select action Shift-Dir - straight line, f/p - Prince Ribbit
Aim: Prince Ribbit (heavily wounded, 28% to hit)
You throw a silver javelin.
The silver javelin pierces through Prince Ribbit!
Prince Ribbit is almost dead.
Prince Ribbit blinks!
You closely miss Prince Ribbit.
Prince Ribbit is almost dead.
You block Prince Ribbit's attack. x2
You completely miss Prince Ribbit.
Prince Ribbit is almost dead.
Prince Ribbit completely misses you. Prince Ribbit hits you!
* * * LOW HITPOINT WARNING * * *
You miss Prince Ribbit.
Prince Ribbit is almost dead.
Prince Ribbit lets out a mournful croak.
Prince Ribbit blinks!
Throw: 2 javelins (silver)
Press: ? - help, Q - select action Shift-Dir - straight line, f/p - Prince Ribbit
Aim: Prince Ribbit (almost dead, 28% to hit)
You throw a silver javelin.
The silver javelin barely misses Prince Ribbit.
Throw: javelin (silver)
Press: ? - help, Q - select action Shift-Dir - straight line, f/p - Prince Ribbit
Aim: Prince Ribbit (severely wounded, 28% to hit)
You throw a silver javelin.
The silver javelin closely misses Prince Ribbit.
Prince Ribbit hits you but does no damage.
You hit Prince Ribbit.
You feel better.
Prince Ribbit is almost dead.
Prince Ribbit blinks!
You closely miss Prince Ribbit.
Prince Ribbit is almost dead.
Prince Ribbit hits you but does no damage.
Prince Ribbit hits you!
You die...

#...<....#
.........####
########## (
#. #(##+#####
#........#
#........#
#.(.@...(#
#...§F...?.#
##.......#.#
.........#
###.......#
#.(.....#
###.#.###
#(#?#


You could see Prince Ribbit.

Vanquished Creatures
  Sigmund (D:4)
  A howler monkey (D:4)
  An orc priest (D:4)
  A sleepcap (D:4)
  2 orc wizards (D:4)
  Robin (D:2)
  5 gnolls (D:4)
  3 adders
  3 dart slugs
  6 orcs (D:4)
  6 ball pythons
  10 bats
  5 endoplasms
  4 giant cockroaches
  10 hobgoblins
  7 jackals
  3 quokkas
  3 frilled lizards
  14 goblins
  9 kobolds
  6 rats
101 creatures vanquished.

Notes
Turn   | Place    | Note
-------+----------+-------------------------------------------
     0 | D:1      | cheesebisquit the Troll Fighter began the quest for the
                  | Orb.
     0 | D:1      | Reached XP level 1. HP: 22/22 MP: 0/0
   241 | D:1      | Reached XP level 2. HP: 29/29 MP: 1/1
   490 | D:1      | Noticed an eye of devastation
   491 | D:1      | Found a faded altar of an unknown god.
   514 | D:1      | Noticed a golden eye
   520 | D:1      | Noticed a great orb of eyes
   523 | D:1      | Noticed a great orb of eyes
   710 | D:1      | Reached XP level 3. HP: 36/36 MP: 2/2
   754 | D:2      | Found Wopomewu's Book Emporium.
   804 | D:2      | Reached skill level 3 in Unarmed Combat
  1057 | D:2      | Noticed Robin
  1071 | D:2      | Killed Robin
  1081 | D:2      | Reached XP level 4. HP: 43/44 MP: 3/3
  1641 | D:3      | Found a white marble altar of Elyvilon.
  1662 | D:3      | Found an ornate altar of the Wu Jian Council.
  1665 | D:3      | Became a worshipper of the Wu Jian Council
  1904 | D:4      | Found a hazy altar of Hepliaklqana.
  2062 | D:4      | Noticed Sigmund
  2359 | D:3      | Reached skill level 4 in Unarmed Combat
  2457 | D:4      | Found a staircase to the Ecumenical Temple.
  2466 | Temple   | Entered the Ecumenical Temple
  2517 | D:4      | Reached XP level 5. HP: 46/53 MP: 4/4
  2891 | D:4      | Reached * piety under Wu Jian
  3137 | D:4      | Killed Sigmund
  3138 | D:4      | Reached skill level 5 in Unarmed Combat
  3138 | D:4      | Reached XP level 6. HP: 47/62 MP: 5/5
  3187 | D:4      | Found a bloodstained altar of Trog.
  3189 | D:4      | Found an iron altar of Okawaru.
  3192 | D:4      | Found a sparkling altar of Nemelex Xobeh.
  3192 | D:4      | Found a radiant altar of Vehumet.
  3516 | D:5      | Entered Level 5 of the Dungeon
  3516 | D:5      | Noticed a water moccasin
  3555 | D:5      | Noticed Prince Ribbit
  3580 | D:5      | Slain by Prince Ribbit

Illustrated notes

Levels and vault maps discovered:
D:1:      lightli_arrival_flooded_house, layout_basic,
          hellmonk_ecumenical_altar_watching_god, chequers_serial_rivers_micro_c
D:2:      layout_basic, serial_shops, shop, uniq_robin
D:3:      minmay_chambers_of_twos, layout_loops_cross, minitemple
D:4:      layout_basic, nicolae_hepliaklqana_hazy_memory,
          grunt_temple_overflow_open, minmay_temple_entry_overgrown,
          grunt_ministairs_7, uniq_sigmund
D:5:      layout_basic, grunt_gozag_statues, nicolae_ru_the_path_less_chosen,
          uniq_ijyb, uniq_prince_ribbit1
Temple:   nicolae_temple_ecumenical_triangle

Skill      XL: |  1  2  3  4  5 |
---------------+----------------+-----
Shields        | 3 4 |  4.2
Unarmed Combat | 3 4 5 |  5.5
Fighting       | 3 |  3.8
Dodging        | |  2.4

Action                     |  1- 3 |  4- 6 || total
---------------------------+-------+-------++-------
  Melee: Unarmed           |    37 |       ||    37
         Hand axe          |    77 |   166 ||   243
  Throw: Dart              |     4 |    13 ||    17
         Javelin           |       |     6 ||     6
Ability: Lunge             |       |     6 ||     6
    Use: Potion            |     1 |     2 ||     3
         Scroll            |       |     6 ||     6
   Stab: Sleeping          |     1 |       ||     1
 Armour: Robe              |    36 |       ||    36
         Animal skin       |       |    48 ||    48
  Dodge: Dodged            |    48 |    40 ||    88
  Block: Kite shield       |    49 |    62 ||   111
